 Dungeon Crawl Stone Soup version 0.20-b1-18-gaa2fd62 (webtiles) character file.

1 Gorglomux the Insei (level 1, 0/10 HPs)
             Began as a Vine Stalker Transmuter on May 24, 2017.
             Slain by a jackal (1 damage)
             ... on level 1 of the Dungeon.
             The game lasted 00:00:15 (50 turns).

Gorglomux the Insei (Vine Stalker Transmuter)         Turns: 50, Time: 00:00:15

Health: 0/10       AC:  2    Str: 12    XL:     1   Next: 20%
Magic:  0/4        EV: 12    Int: 13    God:
Gold:   0          SH:  0    Dex: 14    Spells: 3/4 levels left

rFire    . . .     SeeInvis .     - Unarmed
rCold    . . .     Gourm    .   (no shield)
rNeg     . . .     Faith    .   b - +0 robe
rPois    .         Spirit   +   (no helmet)
rElec    .         Reflect  .   (no cloak)
rCorr    .         Harm     .   (no gloves)
MR       .....                  (no boots)
Stlth    +.........             (no amulet)
Regen    0.1/turn               (no ring)
MPRegen  0.1/turn               (no ring)

@: no status effects
A: fangs 2, magic shield, antimagic bite, no potion heal 3, rot immunity
a: no special abilities


You were on level 1 of the Dungeon.
You were not hungry.

You visited 1 branch of the dungeon, and saw 1 of its levels.

Inventory:

Missiles
 a - 12 arrows
Armour
 b - a +0 robe (worn)
Scrolls
 e - a scroll of teleportation {unknown}
Books
 c - a book of Changes
Comestibles
 d - a bread ration {@e1}


   Skills:
 + Level 1.0 Fighting
 - Level 1.5 Dodging
 * Level 3.0 Unarmed Combat
 - Level 2.1 Spellcasting
 - Level 2.0 Transmutations


You had 3 spell levels left.
You knew the following spells:

 Your Spells              Type           Power        Failure   Level  Hunger
a - Beastly Appendage     Tmut           #.....       11%         1    ##.....


Dungeon Overview and Level Annotations

Branches:
Dungeon (1/15)

Altars:


Innate Abilities, Weirdness & Mutations

You have extremely sharp teeth.
When hurt, damage is shared between your health and your magic reserves.
Your bite disrupts and absorbs the magic of your enemies.
Potions cannot restore your health.
You are immune to rotting.


Message History

Warning: Cannot find file "HDamage.rc". (~/.crawlrc:9702) Warning: Cannot find file "HDAForceMore.rc". (~/.crawlrc:9705) Warning: Cannot find file "HDAColors.rc". (~/.crawlrc:9708) Warning: Cannot find file "HDAtravel.rc". (~/.crawlrc:9711) Welcome, Gorglomux the Vine Stalker Transmuter.
It is said that the Orb of Zot exists deep within this dungeon.
Found 7 javelins.
Found a staircase leading out of the dungeon.
Unknown command.
e - a scroll labeled VIESTR UGROU You see here 7 javelins.
You open the large door.
There is a large open door here.
You open the large door.
There is a large open door here.
You open the large door.
Found a shiny ring mail.
There is a large open door here.
A jackal comes into view.
A jackal is nearby!
A jackal is nearby!
You hit the jackal but do no damage. Your bite misses the jackal.
The jackal bites you but does no damage.
The jackal bites you.
You barely miss the jackal. Your bite misses the jackal.
The jackal barely misses you.
You grow a pair of large bovine horns.
The jackal closely misses you.
The jackal bites you but does no damage.
Unknown command.
You hit the jackal.
You kill the jackal!
Your Fighting skill increases to level 1!
No target in view!
The jackal barks!
The jackal falls through a shaft!
The shaft crumbles and collapses.
A rat comes into view.
Your transformation is almost over.
The jackal closely misses you.
You hit the jackal but do no damage.
The jackal bites you but does no damage.
Unknown command.
You hit the jackal. You bite the jackal, but do no damage.
The jackal bites you. x2
You hit the jackal but do no damage. Your bite misses the jackal.
The jackal closely misses you.
Unknown command.
You barely miss the jackal. The jackal bites you. The rat bites you.
The jackal closely misses you.
Your horns disappear.
The jackal closely misses you. The jackal bites you.
A bat comes into view.
The jackal misses you.
You barely miss the jackal. Your bite misses the jackal. The jackal misses you.
You hit the jackal but do no damage. Your bite misses the jackal.
The bat barely misses you. The bat hits you.
* * * LOW HITPOINT WARNING * * *
The jackal bites you.
* * * LOW HITPOINT WARNING * * *
You hit the jackal. The bat hits you but does no damage.
The jackal barely misses you. The jackal closely misses you.
The bat misses you. The bat closely misses you.
The bat hits you but does no damage. The bat barely misses you.
The bat hits you. The bat hits you but does no damage.
The jackal barely misses you. The jackal bites you.
You die...

#...##.. ## #......
..##.... ###### ##
..#...# #....# ..
......####§≈§.###.#
.[.....'.'.≈≈.'(#.#
.......'.'.≈≈.'<#.######
..####.###.≈≈.###......>
## ###.###....##@.#
#....#######hb##
......#...####..##
.###..###.r.r..## #.#
######## .. #.# ..


You could see a jackal, a bat and a rat.

Vanquished Creatures
  A jackal (D:1)
1 creature vanquished.

Notes
Turn   | Place    | Note
-------+----------+-------------------------------------------
     0 | D:1      | Gorglomux the Vine Stalker Transmuter began the quest for the Orb.
     0 | D:1      | Reached XP level 1. HP: 9/9 MP: 4/4
    21 | D:1      | Reached skill level 1 in Fighting
    39 | D:1      | HP: 1/10 [jackal (2)]
    50 | D:1      | Slain by a jackal

Skill      XL: |  1 |
---------------+----+-----
Fighting       | 1 |  1.0
Dodging        | |  1.5
Unarmed Combat | |  3.0
Spellcasting   | |  2.1
Transmutations | |  2.0

Action                   || total
-------------------------++-------
Melee: Unarmed           ||    10
       Bite              ||     1
 Cast: Beastly Appendage ||     1
Armor: Robe              ||     6
Dodge: Dodged            ||    15

Vault maps used:
D:1:      lightli_arrival_lavapool

Table legend:
 A = Turns spent in this place as a percentage of turns spent in the entire game.
 B = Non-inter-level travel turns spent in this place as a percentage of non-inter-level travel turns spent in the entire game.
 C = Inter-level travel turns spent in this place as a percentage of turns spent in this place.
 D = Turns resting spent in this place as a percentage of non-inter-level travel turns spent in this place.
 E = Turns spent auto-exploring this place as a percentage of non-inter-level travel turns spent in this place.
 F = Non-inter-level travel turns spent in this place divided by the number of levels of this place that you've seen.
                   A       B       C       D       E      F
               +-------+-------+-------+-------+-------+----------------------
         Total | 100.0 | 100.0 |   0.0 |   0.0 |   4.3 |  46.0
       Dungeon | 100.0 | 100.0 |   0.0 |   0.0 |   4.3 |  46.0
               +-------+-------+-------+-------+-------+----------------------

Table legend:
 A = Kills in this place as a percentage of kills in entire the game.
 B = Kills by you in this place as a percentage of kills by you in the entire game.
 C = Kills by friends in this place as a percentage of kills by friends in the entire game.
 D = Other kills in this place as a percentage of other kills in the entire game.
 E = Experience gained in this place as a percentage of experience gained in the entire game.
 F = Experience gained in this place divided by the number of levels of this place that you have seen.
                   A       B       C       D       E      F
               +-------+-------+-------+-------+-------+----------------------
         Total | 100.0 | 100.0 |  -nan |  -nan | 100.0 |   2.0
       Dungeon | 100.0 | 100.0 |  -nan |  -nan | 100.0 |   2.0
               +-------+-------+-------+-------+-------+----------------------
